TOP OF THE 1ST |
Surprise Shockers batting - Pitching for Bompton Baby Lakers : RHP Ronnie van Dam
|
Pitching: RHP Ronnie van Dam
|
|
Batting: LHB George Fraser
|
0-0: Foul Ball, location: 2F 0-1: Ball 1-1: Foul Ball, location: 2F 1-2: Strikes out looking
|
Batting: SHB Fred Simpson
|
0-0: Ball 1-0: Fly out, F8 (Line Drive, 8LD, EV 99.4 MPH)
|
Batting: SHB Al Miller
|
0-0: Called Strike 0-1: Swinging Strike 0-2: Ball 1-2: Foul Ball, location: 2F 1-2: Ball 2-2: Fly out, F3 (Line Drive, 3, EV 65.0 MPH)
|
Top of the 1st over - 0 runs, 0 hits, 0 errors, 0 left on base; Surprise 0 - Bompton 0 |
BOTTOM OF THE 1ST |
Bompton Baby Lakers batting - Pitching for Surprise Shockers : RHP José Pérez
|
Pitching: RHP José Pérez
|
|
Batting: LHB Leonardo Valdéz
|
0-0: Ball 1-0: Swinging Strike 1-1: Ball 2-1: Ball 3-1: Called Strike 3-2: SINGLE (Groundball, 4M, EV 110.0 MPH) (infield hit)
|
Batting: LHB Ron Stevenson
|
0-0: Ball 1-0: Ball Wild Pitch! Leonardo Valdéz to second 2-0: DOUBLE (Flyball, 8RD, EV 92.5 MPH) Leonardo Valdéz scores
|
Batting: RHB Ahvo Holkeri
|
0-0: Ball 1-0: Called Strike 1-1: Fly out, F9 (Line Drive, 9, EV 91.2 MPH)
|
Batting: RHB Jason Wilson
|
0-0: Ball 1-0: Fly out, F7 (Line Drive, 7D, EV 98.8 MPH) Runner from 2nd tags up, OUT at 3rd! 7-5
|
Bottom of the 1st over - 1 run, 2 hits, 0 errors, 0 left on base; Surprise 0 - Bompton 1 |
TOP OF THE 2ND |
Surprise Shockers batting - Pitching for Bompton Baby Lakers : RHP Ronnie van Dam
|
Batting: RHB Zed Umlaut
|
0-0: Ball 1-0: Foul Ball, location: 2F 1-1: Ball 2-1: Ground out 6-3 (Groundball, 6, EV 84.4 MPH)
|
Batting: LHB Stephen Hicks
|
0-0: Foul Ball, location: 2F 0-1: Ball 1-1: Ground out U3 (Groundball, 34S, EV 66.9 MPH)
|
Batting: RHB Robbie Fisher
|
0-0: DOUBLE (Line Drive, 89D, EV 103.8 MPH)
|
Batting: RHB Tony Floyd
|
0-0: Fly out, F9 (Flyball, 89S, EV 95.6 MPH)
|
Top of the 2nd over - 0 runs, 1 hit, 0 errors, 1 left on base; Surprise 0 - Bompton 1 |
BOTTOM OF THE 2ND |
Bompton Baby Lakers batting - Pitching for Surprise Shockers : RHP José Pérez
|
Batting: SHB Dave van Schaack
|
0-0: Swinging Strike 0-1: Ball 1-1: Foul Ball, location: 2F 1-2: Ball 2-2: Ball 3-2: Base on Balls
|
Batting: RHB Cory Clayton
|
0-0: Ball 1-0: Ball 2-0: Called Strike 2-1: Fly out, F7 (Flyball, 7S, EV 68.1 MPH)
|
Batting: RHB Cal Moore
|
0-0: Foul Ball, location: 2F 0-1: Foul Ball, location: 2F 0-2: Ball 1-2: Ball 2-2: Strikes out swinging
|
Batting: RHB Joe Hicks
|
0-0: Ball Dave van Schaack is caught stealing 2nd base 2-4
|
Bottom of the 2nd over - 0 runs, 0 hits, 0 errors, 0 left on base; Surprise 0 - Bompton 1 |
TOP OF THE 3RD |
Surprise Shockers batting - Pitching for Bompton Baby Lakers : RHP Ronnie van Dam
|
Batting: RHB Danny Brown
|
0-0: Ball 1-0: Called Strike 1-1: Fly out, F8 (Flyball, 8LS, EV 90.0 MPH)
|
Batting: LHB Tom Childress
|
0-0: Foul Ball, location: 2F 0-1: Swinging Strike 0-2: Ground out 3-1 (Groundball, 34S, EV 83.8 MPH)
|
Batting: LHB George Fraser
|
0-0: Foul Ball, location: 2F 0-1: Ball 1-1: Foul Ball, location: 2F 1-2: Foul Ball, location: 2F 1-2: Ball 2-2: Foul Ball, location: 2F 2-2: Ball 3-2: Foul Ball, location: 2F 3-2: Fly out, F5 (Popup, 56S, EV 76.9 MPH)
|
Top of the 3rd over - 0 runs, 0 hits, 0 errors, 0 left on base; Surprise 0 - Bompton 1 |
BOTTOM OF THE 3RD |
Bompton Baby Lakers batting - Pitching for Surprise Shockers : RHP José Pérez
|
Batting: RHB Joe Hicks
|
0-0: Fly out, F8 (Flyball, 8RD, EV 100.0 MPH)
|
Batting: RHB Kobbe Elders
|
0-0: Ball 1-0: Foul Ball, location: 2F 1-1: Ball 2-1: Ball 3-1: Foul Ball, location: 2F 3-2: Base on Balls
|
Batting: LHB Leonardo Valdéz
|
0-0: Called Strike 0-1: Swinging Strike 0-2: Ball 1-2: Foul Ball, location: 2F 1-2: Fly out, F8 (Flyball, 8LD, EV 82.5 MPH)
|
Batting: LHB Ron Stevenson
|
0-0: Called Strike 0-1: SINGLE (Line Drive, 78S, EV 99.4 MPH) Kobbe Elders to second
|
Batting: RHB Ahvo Holkeri
|
0-0: Fly out, F8 (Line Drive, 8RM, EV 108.1 MPH)
|
Bottom of the 3rd over - 0 runs, 1 hit, 0 errors, 2 left on base; Surprise 0 - Bompton 1 |
TOP OF THE 4TH |
Surprise Shockers batting - Pitching for Bompton Baby Lakers : RHP Ronnie van Dam
|
Batting: SHB Fred Simpson
|
0-0: Ball 1-0: Ball 2-0: Foul Ball, location: 2F 2-1: Ball 3-1: Ground out U3 (Groundball, 3, EV 106.2 MPH)
|
Batting: SHB Al Miller
|
0-0: Swinging Strike 0-1: Swinging Strike 0-2: Strikes out swinging
|
Batting: RHB Zed Umlaut
|
0-0: Called Strike 0-1: Swinging Strike 0-2: Strikes out swinging
|
Top of the 4th over - 0 runs, 0 hits, 0 errors, 0 left on base; Surprise 0 - Bompton 1 |
BOTTOM OF THE 4TH |
Bompton Baby Lakers batting - Pitching for Surprise Shockers : RHP José Pérez
|
Batting: RHB Jason Wilson
|
0-0: Foul Ball, location: 2F 0-1: Foul Ball, location: 2F 0-2: Ball 1-2: Ball 2-2: SINGLE (Groundball, 6D, EV 96.9 MPH)
|
Batting: SHB Dave van Schaack
|
0-0: Called Strike 0-1: Foul Ball, location: 2F 0-2: Ball 1-2: Ball 2-2: Foul Ball, location: 2F 2-2: Strikes out looking
|
Batting: RHB Cory Clayton
|
0-0: Called Strike 0-1: Foul Ball, location: 2F 0-2: Strikes out looking
|
Batting: RHB Cal Moore
|
0-0: Called Strike 0-1: Swinging Strike 0-2: Fielders Choice at 2nd, 6-4 (Groundball, 6, EV 90.0 MPH)
|
Bottom of the 4th over - 0 runs, 1 hit, 0 errors, 1 left on base; Surprise 0 - Bompton 1 |
TOP OF THE 5TH |
Surprise Shockers batting - Pitching for Bompton Baby Lakers : RHP Ronnie van Dam
|
Batting: LHB Stephen Hicks
|
0-0: Ball 1-0: Swinging Strike 1-1: Ball 2-1: Foul Ball, location: 2F 2-2: Strikes out swinging
|
Batting: RHB Robbie Fisher
|
0-0: Ball 1-0: Ball 2-0: Called Strike 2-1: Called Strike 2-2: Strikes out swinging
|
Batting: RHB Tony Floyd
|
0-0: Swinging Strike 0-1: Ball 1-1: Swinging Strike 1-2: Strikes out looking
|
Top of the 5th over - 0 runs, 0 hits, 0 errors, 0 left on base; Surprise 0 - Bompton 1 |
BOTTOM OF THE 5TH |
Bompton Baby Lakers batting - Pitching for Surprise Shockers : RHP José Pérez
|
Batting: RHB Joe Hicks
|
0-0: Called Strike 0-1: Fly out, F4 (Line Drive, 4, EV 75.6 MPH)
|
Batting: RHB Kobbe Elders
|
0-0: Called Strike 0-1: Ball 1-1: Ball 2-1: Foul Ball, location: 2F 2-2: Strikes out swinging
|
Batting: LHB Leonardo Valdéz
|
0-0: Foul Ball, location: 2F 0-1: Swinging Strike 0-2: Ball 1-2: Strikes out looking
|
Bottom of the 5th over - 0 runs, 0 hits, 0 errors, 0 left on base; Surprise 0 - Bompton 1 |
TOP OF THE 6TH |
Surprise Shockers batting - Pitching for Bompton Baby Lakers : RHP Ronnie van Dam
|
Batting: RHB Danny Brown
|
0-0: Ball 1-0: Fly out, F8 (Flyball, 8LD, EV 87.5 MPH)
|
Batting: LHB Tom Childress
|
0-0: Ball 1-0: Ball 2-0: Called Strike 2-1: Ground out 3-1 (Groundball, 34, EV 105.6 MPH)
|
Batting: LHB George Fraser
|
0-0: Foul Ball, location: 2F 0-1: Ground out 1-3 (Groundball, 13, EV 75.0 MPH)
|
Top of the 6th over - 0 runs, 0 hits, 0 errors, 0 left on base; Surprise 0 - Bompton 1 |
BOTTOM OF THE 6TH |
Bompton Baby Lakers batting - Pitching for Surprise Shockers : RHP José Pérez
|
Batting: LHB Ron Stevenson
|
0-0: Called Strike 0-1: Foul Ball, location: 2F 0-2: Ball 1-2: Foul Ball, location: 2F 1-2: Ball 2-2: Strikes out looking
|
Batting: RHB Ahvo Holkeri
|
0-0: Fly out, F2 (Popup, 25F, EV 94.4 MPH)
|
Batting: RHB Jason Wilson
|
0-0: Swinging Strike 0-1: Foul Ball, location: 2F 0-2: Foul Ball, location: 2F 0-2: Ball 1-2: Ball 2-2: Ball 3-2: Foul Ball, location: 2F 3-2: Base on Balls
|
Pitching: RHP Stephen Hollingsworth
|
|
Batting: SHB Dave van Schaack
|
0-0: Called Strike 0-1: Hit by Pitch Jason Wilson to second
|
Batting: RHB Cory Clayton
|
0-0: Called Strike 0-1: Ball 1-1: Ball 2-1: Swinging Strike 2-2: Strikes out swinging
|
Bottom of the 6th over - 0 runs, 0 hits, 0 errors, 2 left on base; Surprise 0 - Bompton 1 |
TOP OF THE 7TH |
Surprise Shockers batting - Pitching for Bompton Baby Lakers : RHP Ronnie van Dam
|
Batting: SHB Fred Simpson
|
0-0: Swinging Strike 0-1: Ground out 4-3 (Groundball, 4, EV 100.0 MPH)
|
Batting: SHB Al Miller
|
0-0: Swinging Strike 0-1: Ball 1-1: Foul Ball, location: 2F 1-2: Ground out 2-3 (Groundball, 13S, EV 68.1 MPH)
|
Batting: RHB Zed Umlaut
|
0-0: Swinging Strike 0-1: Swinging Strike 0-2: Ground out U3 (Groundball, 3L, EV 100.6 MPH)
|
Top of the 7th over - 0 runs, 0 hits, 0 errors, 0 left on base; Surprise 0 - Bompton 1 |
BOTTOM OF THE 7TH |
Bompton Baby Lakers batting - Pitching for Surprise Shockers : RHP Stephen Hollingsworth
|
Batting: RHB Cal Moore
|
0-0: SINGLE (Groundball, 4D, EV 94.4 MPH)
|
Batting: RHB Joe Hicks
|
0-0: Fly out, F2 (Popup, 23F, EV 88.1 MPH)
|
Batting: RHB Kobbe Elders
|
0-0: Foul Ball, location: 2F 0-1: Ball 1-1: Ball 2-1: Ball 3-1: Swinging Strike 3-2: Base on Balls Cal Moore to second
|
Batting: LHB Leonardo Valdéz
|
0-0: Called Strike 0-1: Ball 1-1: Fly out, F9 (Flyball, 9S, EV 86.2 MPH)
|
Batting: LHB Ron Stevenson
|
0-0: Ball 1-0: SINGLE (Groundball, 34S, EV 73.1 MPH) (infield hit) Cal Moore to third Kobbe Elders to second
|
Batting: RHB Ahvo Holkeri
|
0-0: Ball 1-0: DOUBLE (Line Drive, 8LD, EV 103.8 MPH) Cal Moore scores Kobbe Elders scores Ron Stevenson to third Runner from 3rd tries for Home, SAFE, no throw by CF
|
Batting: RHB Jason Wilson
|
0-0: Intentional Walk
|
Pitching: RHP Milton Houston
|
|
Batting: SHB Dave van Schaack
|
0-0: Called Strike 0-1: Foul Ball, location: 2F 0-2: Ball 1-2: Fielders Choice at 2nd, 6-4 (Groundball, 6, EV 79.4 MPH)
|
Bottom of the 7th over - 3 runs, 3 hits, 0 errors, 2 left on base; Surprise 0 - Bompton 4 |
TOP OF THE 8TH |
Surprise Shockers batting - Pitching for Bompton Baby Lakers : RHP Ronnie van Dam
|
Batting: LHB Stephen Hicks
|
0-0: Ball 1-0: Foul Ball, location: 2F 1-1: Swinging Strike 1-2: Strikes out swinging
|
Batting: RHB Robbie Fisher
|
0-0: Called Strike 0-1: Swinging Strike 0-2: Strikes out swinging
|
Batting: RHB Tony Floyd
|
0-0: Foul Ball, location: 2F 0-1: Ball 1-1: Called Strike 1-2: Ball 2-2: Foul Ball, location: 2F 2-2: Fly out, F7 (Flyball, 7S, EV 85.0 MPH)
|
Top of the 8th over - 0 runs, 0 hits, 0 errors, 0 left on base; Surprise 0 - Bompton 4 |
BOTTOM OF THE 8TH |
Bompton Baby Lakers batting - Pitching for Surprise Shockers : RHP Milton Houston
|
Batting: RHB Cory Clayton
|
0-0: Called Strike 0-1: Ball 1-1: Swinging Strike 1-2: Ball 2-2: Strikes out swinging
|
Batting: RHB Cal Moore
|
0-0: Ball 1-0: Swinging Strike 1-1: Foul Ball, location: 2F 1-2: Ball 2-2: Strikes out swinging
|
Batting: RHB Joe Hicks
|
0-0: Called Strike 0-1: Ball 1-1: Ball 2-1: Ground out 5-3 (Groundball, 56S, EV 80.6 MPH)
|
Bottom of the 8th over - 0 runs, 0 hits, 0 errors, 0 left on base; Surprise 0 - Bompton 4 |
TOP OF THE 9TH |
Surprise Shockers batting - Pitching for Bompton Baby Lakers : RHP Ronnie van Dam
|
Pitching: RHP David Ferguson
|
|
Batting: RHB Danny Brown
|
0-0: Ball 1-0: Foul Ball, location: 2F 1-1: Swinging Strike 1-2: Strikes out swinging
|
Batting: LHB Tom Childress
|
0-0: Ball 1-0: Swinging Strike 1-1: SINGLE (Line Drive, 34D, EV 93.8 MPH)
|
Batting: LHB George Fraser
|
0-0: Foul Ball, location: 2F 0-1: SINGLE (Groundball, 6D, EV 102.5 MPH) Tom Childress to second
|
Batting: SHB Fred Simpson
|
0-0: Called Strike 0-1: Foul Ball, location: 2F 0-2: Foul Ball, location: 2F 0-2: Foul Ball, location: 2F 0-2: Ball 1-2: Foul Ball, location: 2F 1-2: Ball 2-2: Foul Ball, location: 2F 2-2: Foul Ball, location: 2F 2-2: SINGLE (Flyball, 89M, EV 86.9 MPH) Tom Childress to third George Fraser to second
|
Batting: SHB Al Miller
|
0-0: Foul Ball, location: 2F 0-1: Ball 1-1: Called Strike 1-2: Strikes out looking
|
Batting: RHB Zed Umlaut
|
0-0: Called Strike 0-1: Foul Ball, location: 2F 0-2: SINGLE (Flyball, 56D, EV 90.6 MPH) Tom Childress scores George Fraser to third Fred Simpson to second
|
Batting: LHB Stephen Hicks
|
0-0: Fly out, F7 (Flyball, 7, EV 89.4 MPH)
|
Top of the 9th over - 1 run, 4 hits, 0 errors, 3 left on base; Surprise 1 - Bompton 4 |
|